 Dungeon Crawl Stone Soup version 0.27-a0-1272-g7c8ad2e407 (webtiles) character file.

Game seed: 12735380942831247280

34 Bnni the Chiller (level 3, -4/23 HPs)
             Began as an Octopode Ice Elementalist on June 11, 2021.
             Slain by a hobgoblin (5 damage)
             ... led by Robin
             ... on level 2 of the Dungeon.
             The game lasted 00:04:15 (1579 turns).

Bnni the Chiller (Octopode Ice Elementalist)        Turns: 1579, Time: 00:04:16

Health: -4/23      AC:  1    Str:  7    XL:     3   Next: 31%
Magic:  1/6        EV: 12    Int: 18    God:
Gold:   37         SH:  3    Dex: 12    Spells: 2/6 levels left

rFire    . . .     SeeInvis .   d - +2 short sword (speed)
rCold    . . .     Faith    .   e - +0 buckler
rNeg     . . .     Spirit   .   (helmet restricted)
rPois    .         Reflect  .   (no amulet)
rElec    .         Harm     .   (no ring)
rCorr    .         Rampage  .   (no ring)
Will     .....                  (no ring)
Stlth    +++.......             (no ring)
HPRegen  0.07/turn              (no ring)
MPRegen  0.10/turn              (no ring)
                                (no ring)
                                (no ring)

@: about to teleport, very slightly contaminated
A: almost no armour, amphibious, 8 rings, camouflage 1, gelatinous body 1,
(nimble swimmer 1), tentacles
a: no special abilities


You were on level 2 of the Dungeon.
You visited 1 branch of the dungeon, and saw 2 of its levels.

You collected 37 gold pieces.

Inventory:

Hand Weapons
 d - a +2 short sword of speed (weapon)
Armour
 e - a +0 buckler (worn)
Scrolls
 a - a scroll of teleportation
Potions
 b - a potion of haste {unknown}


   Skills:
 + Level 1.1 Fighting
 - Level 2.0 Dodging
 - Level 2.6 Stealth
 * Level 0.3 Shields
 + Level 2.3 Spellcasting
 * Level 4.5 Ice Magic


You had 2 spell levels left.
You knew the following spells:

 Your Spells              Type           Power      Damage    Failure   Level
a - Freeze                Ice            72%        1d9       4%          1
b - Frozen Ramparts       Ice            36%        1d5       13%         3

Your spell library contained the following spells:

 Spells                   Type           Power      Damage    Failure   Level
 Ozocubu's Armour         Ice            18%        N/A       13%         3
 Hailstorm                Conj/Ice       10%        3d5       71%         4
 Metabolic Englaciation   Hex/Ice        5%         N/A       96%         5


Dungeon Overview and Level Annotations

Branches:
Dungeon (2/15)

Altars:

Annotations:
D:2 Robin


Innate Abilities, Weirdness & Mutations

You cannot wear most types of armour.
You are amphibious.
You can wear up to eight rings at the same time.
Your skin changes colour to match your surroundings (Stealth+).
Your rubbery body absorbs attacks. (AC +1, EV +1)
((You are camouflaged near water. (Stealth+)))
You have tentacles for arms and can constrict up to eight enemies at once.


Message History

A hobgoblin comes into view. 2 goblins, a hobgoblin and Robin come into view.
A hobgoblin comes into view.
Robin's horned helmet rattles.
Items here: )) ††.
A goblin comes into view. It is wielding a +0 club.
The hobgoblin hits you. Robin throws the goblin at you!
The goblin shouts!
Casting: Frozen Ramparts (extremely dangerous; 13% risk of failure)
Confirm with . or Enter, or press ? or * to list all spells.
You don't know that spell.
Unknown command.
Casting: Frozen Ramparts (extremely dangerous; 13% risk of failure)
Confirm with . or Enter, or press ? or * to list all spells.
You don't know that spell.
Casting: Frozen Ramparts (extremely dangerous; 13% risk of failure)
Confirm with . or Enter, or press ? or * to list all spells.
The spell is extremely dangerous to cast (13% risk of failure)!
Continue anyway?
Casting: Frozen Ramparts (extremely dangerous; 13% risk of failure)
Press: ? - help, Dir - look around, f - activate You miscast Frozen Ramparts.
You are very lightly contaminated with residual magic.
Nothing appears to happen.
The goblin shouts!
The hobgoblin shouts! x2; The goblin shouts!
The goblin closely misses you. The hobgoblin hits you.
Okay, then.
Okay, then.
As you read the scroll labelled BEOMOZX DUTHE, it crumbles to dust.
You feel strangely unstable.
It was a scroll of teleportation.
The goblin hits you with a +0 club.
* * * LOW HITPOINT WARNING * * *
The hobgoblin closely misses you. Robin closely misses you.
The goblin hits you with a +0 club.
* * * LOW HITPOINT WARNING * * *
As you read the scroll labelled JEXKAE HUBU, it crumbles to dust.
You hear a loud clanging noise!
It was a scroll of noise.
You hear a shout! x2
The hobgoblin hits you.
You die...

###...##........
#####.†
#...##........
......
#...##........
####..
#...##........
#..
#.............
#..
#......#######
#.. #....).# #..
###..)g##### #..
####@gg..# ###
#gg...# .gg...#
..gg...#
........#
####.....#
#.....# #######


You could see Robin, 4 hobgoblins and 4 goblins.

Vanquished Creatures
  2 dart slugs (D:2)
  3 bats (D:2)
  2 endoplasms (D:1)
  4 giant cockroaches (D:1)
  3 goblins (D:2)
  4 hobgoblins
  A jackal (D:1)
  2 frilled lizards (D:1)
  2 kobolds (D:1)
  4 rats
27 creatures vanquished.

Notes
Turn   | Place    | Note
-------+----------+-------------------------------------------
     0 | D:1      | Bnni the Octopode Ice Elementalist began the quest for the
                  | Orb.
     0 | D:1      | Reached XP level 1. HP: 11/11 MP: 3/3
   602 | D:1      | Reached XP level 2. HP: 9/18 MP: 3/5
  1350 | D:2      | Reached skill level 1 in Fighting
  1379 | D:2      | Reached XP level 3. HP: 23/23 MP: 6/6
  1383 | D:2      | Learned a level 3 spell: Frozen Ramparts
  1575 | D:2      | Noticed Robin
  1578 | D:2      | HP: 1/23 [goblin/+0 club[Robin] (3)]
  1579 | D:2      | Slain by a hobgoblin

Illustrated notes

Levels and vault maps discovered:
D:1:      dpeg_arrival_brainrot, layout_basic
D:2:      layout_basic, serial_glass, glass_columns_b, glass_columns_c,
          feat_on_display, feat_on_display, uniq_robin, uniq_terence

Skill      XL: |  1  2 |
---------------+-------+-----
Fighting       | 1 |  1.1
Dodging        | |  2.0
Stealth        | |  2.6
Shields        | |  0.3
Spellcasting   | |  2.3
Ice Magic      | |  4.5

Action                   || total
-------------------------++-------
Melee: Unarmed           ||    13
       Constrict         ||     9
       Tentacles         ||     6
       Short sword       ||    39
 Cast: Freeze            ||     7
       Frozen Ramparts   ||     1
  Use: Scroll            ||     2
 Stab: Sleeping          ||    12
Armor: Skin              ||     7
Dodge: Dodged            ||    23

Table legend: (Time is in decaauts)
 A = Elapsed time spent in this place.
 B = Non-inter-level travel time spent in this place.
 C = Inter-level travel time spent in this place.
 D = Time resting spent in this place.
 E = Time spent auto-exploring this place.
 F = Levels seen in this place.
 G = Mean time per level.
                   A        B        C        D        E       F      G
               +--------+--------+--------+--------+--------+-----+--------+
         Total |   1568 |   1535 |     33 |    277 |   1072 |   2 |  784.0 |
       Dungeon |   1568 |   1535 |     33 |    277 |   1072 |   2 |  784.0 |
               +--------+--------+--------+--------+--------+-----+--------+

Top non-repeatable levels by time:
     D:1: 1315 daAuts
     D:2: 253 daAuts
